 Dungeon Crawl Stone Soup version 0.26.1-11-gd32895ea62 (webtiles) character file.

Game seed: 15159348003543285251

632 H0rd4k the Insei (level 7, -4/43 HPs)
             Began as an Octopode Transmuter on June 2, 2021.
             Killed from afar by an orc wizard (8 damage)
             ... with a magic dart
             ... on level 5 of the Dungeon.
             The game lasted 00:04:51 (7014 turns).

H0rd4k the Insei (Octopode Transmuter)              Turns: 7014, Time: 00:04:51

Health: -4/43      AC:  2    Str:  9    XL:     7   Next: 49%
Magic:  0/12       EV: 21    Int: 18    God:
Gold:   148        SH:  0    Dex: 17    Spells: 8/12 levels left

rFire    . . .     SeeInvis .     - Unarmed
rCold    . . .     Faith    .   (shield currently unavailable)
rNeg     . . .     Spirit   +   (helmet currently unavailable)
rPois    x         Reflect  .   c - amulet of guardian spirit
rElec    .         Harm     .   (no ring)
rCorr    .         Rampage  .   (no ring)
Will     .....                  (no ring)
Stlth    ++........             (no ring)
HPRegen  0.14/turn              (no ring)
MPRegen  0.13/turn              (no ring)
                                (no ring)
                                (no ring)

@: spider-form
A: tiny, almost no armour, stealthy swim, (amphibious), 8 rings, (constrict 8)
a: End Transformation


You were on level 5 of the Dungeon.
You were a venomous arachnid creature.
You visited 1 branch of the dungeon, and saw 5 of its levels.

You collected 148 gold pieces.

Inventory:

Missiles
 a - 7 poisoned darts
Jewellery
 c - an amulet of guardian spirit (around neck)
Wands
 l - a wand of disintegration (17)
 o - a wand of flame (21)
Scrolls
 b - 2 scrolls of random uselessness {unknown}
 e - 2 scrolls of teleportation {unknown}
 f - a scroll of fog {unknown}
 g - a scroll of identify {unknown}
 i - a scroll of enchant weapon {unknown}
 m - a scroll of enchant armour {unknown}
 n - a scroll of immolation {unknown}
Potions
 d - a potion of degeneration
 h - a potion of mutation {unknown}
 j - 2 potions of lignification {unknown}
 k - a potion of heal wounds {unknown}
 p - a potion of haste {unknown}
 q - a potion of curing


   Skills:
 + Level 1.5 Fighting
 + Level 3.5 Dodging
 - Level 0.2 Stealth
 + Level 5.6 Unarmed Combat
 * Level 3.4 Spellcasting
 * Level 3.6 Transmutations
 + Level 3.0 Poison Magic


You had 8 spell levels left.
You knew the following spells:

 Your Spells              Type           Power        Failure   Level
a - Beastly Appendage     Tmut           32%          12%         1
b - Spider Form           Tmut/Pois      7%           28%         3

Your spell library contained the following spells:

 Spells                   Type           Power        Failure   Level
 Wereblood                Tmut           16%          16%         2
 Ice Form                 Ice/Tmut       9%           78%         4
 Blade Hands              Tmut           8%           86%         5


Dungeon Overview and Level Annotations

Branches:
Dungeon (5/15)
 Temple: D:4-7

Altars:
Cheibriados
Nemelex Xobeh
Uskayaw
Zin


Innate Abilities, Weirdness & Mutations

You cannot wear most types of armour.
You are very stealthy in the water. (Stealth+)
((You are amphibious.))
You can wear up to eight rings at the same time.
((You can use your tentacles to constrict eight enemies at once.))
((Your skin changes colour to match your surroundings (Stealth+).))
((Your rubbery body absorbs attacks. (AC +1, EV +1)))


Message History

You hear some strange, mumbled words.
A magic dart appears from out of thin air!
The magic dart hits you!
You barely miss something. Something hits you.
You barely miss something. Something hits you.
Casting: Spider Form (dangerous; 12% risk of failure)
Confirm with . or Enter, or press ? or * to list all spells.
You turn into a venomous arachnid creature.
You hear some strange, mumbled words.
A magic dart appears from out of thin air!
The magic dart hits you!
* * * LOW HITPOINT WARNING * * *
You miss something. Something completely misses you.
You miss something. Something hits you.
* * * LOW HITPOINT WARNING * * *
You hit something.
You hear some strange, mumbled words.
A magic dart appears from out of thin air!
The magic dart hits you!
You die...

#≈ #.# .#........+ #.≈
#.# .≈#........# .. ###
.≈#........# .P≈≈.≈≈
#........+ ≈###≈
#........## . #.#
#.........# .#####.#
#.)[.....# ..##.#.#
#.s).....# # #.##...#
#.{).....# ≈≈#.##.###
#........# ≈≈#.##.#
#........##
≈≈#.##.##########........
≈ #..)..........))#######
≈.#.##.############
.≈#.##.# .≈#.##.#


There were no monsters in sight!

Vanquished Creatures
  An ogre (D:4)
  A hound (D:4)
  An orc priest (D:4)
  Crazy Yiuf (D:2)
  4 orc wizards
  Natasha (thrice) (D:3)
  12 adders
  A howler monkey skeleton (D:5)
  A white imp (D:5)
  2 oozes
  4 worms
  2 dart slugs
  4 leopard geckos
  15 orcs
  7 giant cockroaches
  7 goblins
  10 hobgoblins
  6 jackals
  A quokka (D:3)
  2 ball pythons
  6 bats
  5 frilled lizards
  12 kobolds
  11 rats
119 creatures vanquished.

Vanquished Creatures (others)
  8 fungi (D:5)
8 creatures vanquished.

Grand Total: 127 creatures vanquished

Notes
Turn   | Place    | Note
-------+----------+-------------------------------------------
     0 | D:1      | H0rd4k the Octopode Transmuter began the quest for the Orb.
     0 | D:1      | Reached XP level 1. HP: 13/13 MP: 3/3
   298 | D:1      | Reached XP level 2. HP: 9/18 MP: 5/5
  1156 | D:1      | Reached XP level 3. HP: 16/23 MP: 6/6
  1163 | D:1      | Learned a level 3 spell: Spider Form
  2006 | D:2      | Found a snail-covered altar of Cheibriados.
  2040 | D:2      | Found a sparkling altar of Nemelex Xobeh.
  2050 | D:2      | You fall into a shaft and drop 1 floor!
  2058 | D:3      | Reached XP level 4. HP: 28/28 MP: 7/7
  2181 | D:3      | Reached skill level 1 in Poison Magic
  2532 | D:3      | Noticed Natasha
  2534 | D:3      | Reached skill level 4 in Unarmed Combat
  2543 | D:3      | Killed Natasha
  2544 | D:3      | Reached XP level 5. HP: 17/33 MP: 4/8
  2690 | D:3      | Noticed Natasha
  2702 | D:3      | Killed Natasha
  2984 | D:3      | Found a faded altar of an unknown god.
  3009 | D:3      | Noticed Natasha
  3015 | D:3      | Killed Natasha
  3995 | D:2      | Found a glowing silver altar of Zin.
  4259 | D:2      | Reached XP level 6. HP: 22/38 MP: 3/10
  4599 | D:2      | Found a runed translucent door.
  4600 | D:2      | Noticed Crazy Yiuf
  5294 | D:2      | Killed Crazy Yiuf
  5783 | D:4      | Reached skill level 5 in Unarmed Combat
  5783 | D:4      | Reached XP level 7. HP: 43/43 MP: 7/11
  5934 | D:4      | Identified the +1 hand axe of Xom's Generosity {protect,
                  | Str+5 Stlth+}
  6838 | D:5      | Entered Level 5 of the Dungeon
  6840 | D:5      | Found a hide-covered altar of Uskayaw.
  7014 | D:5      | Killed from afar by an orc wizard

Illustrated notes

Levels and vault maps discovered:
D:1:      dpeg_arrival_three_smaller_balls, layout_basic, minmay_pentomino_u4
D:2:      layout_basic, nemelex_altar_shiori, cheibriados_altar_1,
          old_standard_altar, uniq_crazy_yiuf_cottage
D:3:      layout_basic, chequers_ecumenical_altar_grove, uniq_natasha
D:4:      layout_layer_cave
D:5:      old_forge, layout_basic, eat_drink_and_be_merry_uskayaw,
          minmay_temple_entry_ruins, ebering_ghost_reflecting_pool,
          serial_aquarium, aquarium_bridge_square [aquarium_subvault_balcony,
          aquarium_subvault_wall, aquarium_subvault_bridge,
          aquarium_subvault_wall], aquarium_window_fake, aquarium_window_2,
          aquarium_window_1, aquarium_window_1, aquarium_view_2g,
          minmay_misc_feat_x, tgw_kikubaaqudgha

Skill      XL: |  1  2  3  4  5  6  7 |
---------------+----------------------+-----
Poison Magic   | 1 2 3 |  3.0
Unarmed Combat | 4 5 |  5.6
Dodging        | 3 |  3.5
Transmutations | 3 |  3.6
Spellcasting   | 3 |  3.4
Fighting       | |  1.5
Stealth        | |  0.2

Action                   |  1- 3 |  4- 6 |  7- 9 || total
-------------------------+-------+-------+-------++-------
Melee: Unarmed           |    95 |   162 |    71 ||   328
       Constrict         |    22 |    21 |     4 ||    47
       Tentacles         |    14 |    14 |     2 ||    30
 Cast: Spider Form       |       |    12 |     4 ||    16
  Use: Potion            |       |     3 |       ||     3
 Stab: Sleeping          |     4 |     2 |     1 ||     7
Armor: Skin              |     8 |     7 |     4 ||    19
Dodge: Dodged            |    64 |   135 |    61 ||   260
